 Dungeon Crawl Stone Soup version 0.31-a0-221-gbddc013574 (webtiles) character file.

Game seed: 8340538412980407152

102 qw the Shooter (level 4, -3/36 HPs)
             Began as a Minotaur Hexslinger on July 4, 2023.
             Slain by a gnoll
             ... wielding a +0 spear
              (8 damage)
             ... on level 2 of the Dungeon.
             The game lasted 00:00:32 (1325 turns).

qw the Shooter (Minotaur Hexslinger)                Turns: 1325, Time: 00:00:33

Health: -3/36      AC:  3    Str: 13    XL:     4   Next: 49%
Magic:  4/4        EV: 12    Int: 10    God:
Gold:   47         SH:  0    Dex: 14    Spells: 4/5 levels left

rFire   . . .        Y - +1 sling
rCold   . . .        (no shield)
rNeg    . . .        f - +0 leather armour {rPois}
rPois   +            (helmet restricted)
rElec   .            (no cloak)
rCorr   .            (no gloves)
SInv    .            (no boots)
Will    .....        (no amulet)
Stlth   +            (no ring)
HPRegen 0.26/turn    (no ring)
MPRegen 0.09/turn

%: no passive effects
@: no status effects
A: horns 2, retaliatory headbutt
a: no special abilities


You were on level 2 of the Dungeon.
You visited 1 branch of the dungeon, and saw 2 of its levels.

You collected 47 gold pieces.


Innate Abilities, Weirdness & Mutations

You have a pair of horns on your head.
You reflexively headbutt those who attack you in melee.


   Skills:
 + Level 2.0 Fighting
 - Level 5.0 Ranged Weapons
 - Level 2.1 Dodging
 - Level 1.0 Spellcasting
 - Level 2.0 Hexes


You had 4 spell levels left.
You knew the following spells:

 Your Spells              Type           Power      Damage    Failure   Level
a - Slow                  Hex            16%        N/A       19%         1

Your spell library contained the following spells:

 Spells                   Type           Power      Damage    Failure   Level
 Inner Flame              Hex/Fire       2%         N/A       65%         3
 Portal Projectile        Hex/Tloc       4%         N/A       65%         3
 Cause Fear               Hex            2%         N/A       88%         4

Inventory:

Hand Weapons
 Y - a +1 sling (weapon)
Armour
 b - a +0 ring mail
 f - a +0 leather armour of poison resistance (worn)
Scrolls
 a - a scroll of identify
Potions
 c - a potion of mutation {unknown}
 g - 2 potions of curing

Dungeon Overview and Level Annotations

Branches:
Dungeon (2/15)

Altars:


Message History

You hear a shout!
The gnoll hits you but does no damage. The gnoll barely misses you.
Your Ranged Weapons skill increases to level 5!
You shoot a sling bullet.
The sling bullet hits the gnoll but does no damage.
The gnoll is moderately wounded.
The gnoll misses you.
The gnoll hits you from afar with a +0 spear.
You shoot a sling bullet.
The sling bullet closely misses the gnoll.
The sling bullet hits the gnoll.
The gnoll is lightly wounded.
The gnoll hits you from afar with a +0 spear.
A hobgoblin comes into view.
The gnoll closely misses you.
You shoot a sling bullet.
The sling bullet hits the gnoll but does no damage.
The gnoll is moderately wounded.
The gnoll hits you from afar with a +0 spear!
You shoot a sling bullet.
The sling bullet barely misses the gnoll.
The sling bullet hits the gnoll.
The gnoll is severely wounded.
The gnoll closely misses you.
You shoot a sling bullet.
The sling bullet barely misses the gnoll. x2
The sling bullet closely misses the hobgoblin.
The gnoll closely misses you.
The gnoll hits you from afar with a +0 spear.
The gnoll hits you from afar with a +0 spear!
The gnoll closely misses you.
You shoot a sling bullet. The sling bullet hits the gnoll.
The gnoll is heavily wounded.
The gnoll hits you but does no damage.
The gnoll hits you from afar with a +0 spear.
You shoot a sling bullet.
The sling bullet hits the gnoll but does no damage.
The gnoll is heavily wounded.
The gnoll hits you from afar with a +0 spear!
You die...

#......... #.#...... ###
#.......# ..# #......##
#.## #......#
#########..#####......#
......................#
.....gg)##.#####.....###
....gg.@...<............
....$#####...###...#####
..# ###.......#
#..###### #..# ####


You could see 3 gnolls and a hobgoblin.

Vanquished Creatures
  Terence (D:2)
  A gnoll (D:2)
  2 adders (D:2)
  2 worms (D:2)
  A dart slug (D:2)
  5 orcs (D:2)
  An endoplasm (D:1)
  3 giant cockroaches
  4 goblins
  3 hobgoblins
  2 ball pythons
  3 bats
  A frilled lizard (D:1)
  2 kobolds
  4 rats (D:1)
35 creatures vanquished.

Notes
Turn   | Place    | Note
-------+----------+-------------------------------------------
     0 | D:1      | qw the Minotaur Hexslinger began the quest for the Orb.
     0 | D:1      | Reached XP level 1. HP: 16/16 MP: 1/1
     0 | D:1      | 0 ||| qw: Version: 0.3-a-41-g9d075ac
     0 | D:1      | 0 ||| qw: Game counter: 782
     0 | D:1      | 0 ||| qw: Melee chars always use a shield: true
     0 | D:1      | 0 ||| qw: God list: Okawaru
     0 | D:1      | 0 ||| qw: Allow faded altars: false
     0 | D:1      | 0 ||| qw: Do Orc after clearing Dungeon:15 true
     0 | D:1      | 0 ||| qw: Do second Lair branch before Depths: true
     0 | D:1      | 0 ||| qw: Lair rune preference: random
     0 | D:1      | 0 ||| qw: Goals: Normal
     0 | D:1      | 0 ||| PLANNING D:1-11
   142 | D:1      | Reached skill level 3 in Ranged Weapons
   143 | D:1      | Reached XP level 2. HP: 23/23 MP: 2/2
   586 | D:1      | 586 ||| UPGRADING to +0 leather armour of poison
                  | resistance.
   596 | D:1      | 596 ||| DROPPING +0 robe.
   597 | D:1      | 597 ||| READING 3 scrolls labelled BYAPSI TENI.
   598 | D:1      | 598 ||| READING scroll labelled RALITH BUHAMYL.
   599 | D:1      | 599 ||| READING scroll labelled XOOPTAH EMOUDU.
   600 | D:1      | 600 ||| READING 2 scrolls of identify.
   600 | D:1      | 600 ||| IDENTIFYING golden potion
   601 | D:1      | 601 ||| DROPPING scroll of poison.
   687 | D:2      | Noticed Terence
   699 | D:2      | HP: 6/24 [Terence/+0 short sword (1)]
   701 | D:2      | HP: 1/24 [Terence/+0 short sword (4)]
   707 | D:2      | Killed Terence
   708 | D:2      | Reached skill level 4 in Ranged Weapons
   708 | D:2      | Reached XP level 3. HP: 2/29 MP: 3/3
   856 | D:2      | 856 ||| FLEEEEING.
   982 | D:2      | Reached XP level 4. HP: 18/36 MP: 4/4
  1146 | D:2      | HP: 8/36 [orc/+1 flail of protection (9)]
  1147 | D:2      | HP: 3/36 [orc/+0 club (2)]
  1319 | D:2      | Reached skill level 5 in Ranged Weapons
  1323 | D:2      | HP: 7/36 [gnoll/+0 spear (8)]
  1325 | D:2      | Slain by a gnoll

Levels and vault maps discovered:
D:1:      saegor_arrival_simple_b, layout_loops_ring,
          nicolae_kite_square_tiling_tiny
D:2:      layout_rooms, minmay_randomly_rotated_circles, uniq_terence,
          uniq_jessica

Skill      XL: |  1  2  3  4 |
---------------+-------------+-----
Ranged Weapons | 3 4 5 |  5.0
Fighting       | 2 |  2.0
Dodging        | |  2.1
Spellcasting   | |  1.0
Hexes          | |  2.0

Action                     |  1- 3 |  4- 6 || total
---------------------------+-------+-------++-------
   Fire: Sling             |   100 |    39 ||   139
    Use: Scroll            |     4 |       ||     4
 Armour: Leather armour    |     4 |     6 ||    10
  Dodge: Dodged            |    39 |    20 ||    59

Table legend:
 A = Non-vault XP
 B = Vault XP
 C = Vault XP percentage of total XP
 D = Non-vault monster count
 E = Vault monster count
 F = Vault count percentage of total count
                 A         B        C        D         E       F
            +---------+---------+-------+---------+---------+-------
      Total |      78 |      68 |  46.6 |      28 |       7 |  20.0
            +---------+---------+-------+---------+---------+-------
        D:1 |      22 |       0 |   0.0 |      15 |       0 |   0.0
        D:2 |      56 |      68 |  54.8 |      13 |       7 |  35.0
            +---------+---------+-------+---------+---------+-------
